Map: Bridgehead LE (Void)

Players

Nars - Winner!

  • Race: Protoss Protoss
  • League: Gold

wabbajack

  • Race: Zerg Zerg
  • League: Gold

VOD

Have the link to the VOD?

Description

Time

  • Played on: July 19, 2015, 1:21 p.m.
  • Length: 2:49
Show
View Real Time Build Order
Export as new Build Order

Nars Protoss - Winner!

Build Orders:  

Get SALT Encoding   

  12  0:07  Probe  
  13  0:21  Probe, Pylon  
  14  0:39  Probe  
  14  0:42  Pylon  
  15  0:51  Probe  
  16  1:02  Gateway  
  16  1:03  Gateway  
  16  1:08  Assimilator  
  16  1:12  Probe  
  17  1:24  Probe  
  18  1:37  Probe  
  19  1:49  Probe  
  19  1:53  Zealot x2 (Chrono Boost)  
  24  2:00  Cybernetics Core  
  24  2:01  Probe  
  25  2:04  Assimilator  
  25  2:13  Probe, Zealot x2 (Chrono Boost)  
  30  2:18  Pylon  
Show
View Real Time Build Order
Export as new Build Order

wabbajack Zerg 

Build Orders: Pool First 

Get SALT Encoding   

  12  0:01  Drone  
  13  0:14  Overlord  
  13  0:21  Drone  
  13  0:27  Drone, Extractor  
  15  0:33  Drone  
  16  0:36  Drone  
  17  0:49  Spawning Pool  
  16  0:50  Extractor  
  16  0:51  Drone  
  16  1:13  Drone x2  
  18  1:20  Drone  
  19  1:36  Queen  
  21  1:40  Zergling x2  
  22  1:48  Overlord  
  22  1:57  Hatchery  
Tags
 
Add a new tag
Caveats
  • Supply blocks, unpowered buildings, or Contaminate may cause inaccurate times.
  • Supply counts are checked every 10 seconds.